 Dungeon Crawl Stone Soup version 0.19-a0-733-geeb8733 (webtiles) character file.

95 MrRokkomies the Caller (level 4, -1/28 HPs)
             Began as a Halfling Summoner on June 22, 2016.
             Slain by Pikel
             ... wielding a +0 whip of flaming
              (5 damage)
             ... on level 4 of the Dungeon.
             The game lasted 00:08:46 (3376 turns).

MrRokkomies the Caller (Halfling Summoner)          Turns: 3376, Time: 00:08:46

Health: -1/28      AC:  8    Str: 13    XL:     4   Next: 95%
Magic:  2/6        EV: 13    Int: 15    God:
Gold:   136        SH:  0    Dex: 14    Spells: 2 memorised, 1 level left

rFire  . . .     SeeInvis .     o - +0 short sword
rCold  + . .     Gourm    .     g - +2 ring mail {rC+}
rNeg   . . .     Faith    +     (shield restricted)
rPois  .         Spirit   .     (no helmet)
rElec  .         Dismiss  .     u - +0 cloak
rCorr  .         Reflect  .     (no gloves)
SustAt .         Harm     .     (no boots)
MR     .....                    p - amulet of faith
Stlth  ++........               (no ring)
                                w - ring of stealth

@: mighty, not resistant to hostile enchantments, unstealthy
A: mutation resistance 1
a: no special abilities


You were on level 4 of the Dungeon.
You were very hungry.

You visited 1 branch of the dungeon, and saw 4 of its levels.

You collected 136 gold pieces.

Inventory:

Hand Weapons
 n - a +0 flail
 o - a +0 short sword (weapon)
 z - a +0 blowgun
 D - a cursed -1 long sword
Missiles
 d - 2 tomahawks (quivered)
 j - 83 stones
 y - 17 sling bullets
 A - 18 poisoned needles
Armour
 g - a +2 ring mail of cold resistance (worn)
 u - a +0 cloak (worn)
Jewellery
 p - an amulet of faith (around neck)
 t - an uncursed ring of fire
 w - a ring of stealth (left hand)
Scrolls
 a - 3 scrolls of amnesia
 k - 2 scrolls of recharging {unknown}
 q - a scroll of fear {unknown}
 r - a scroll of remove curse
 s - 2 scrolls of teleportation
 v - a scroll of magic mapping
 x - 2 scrolls of enchant weapon {unknown}
 C - a scroll of identify
Potions
 e - a potion of might
 f - a potion of curing {unknown}
 h - a potion of invisibility {unknown}
 i - 2 potions of mutation {unknown}
 l - 2 potions of lignification {unknown}
Books
 b - a book of Callings

   Spells                             Type                      Level
   a - Summon Small Mammal            Summoning                    1
   b - Call Imp                       Summoning                    2
   c - Call Canine Familiar           Summoning                    3
   d - Summon Guardian Golem          Hexes/Summoning              3
   e - Summon Lightning Spire         Summoning/Air                4
   f - Summon Ice Beast               Ice/Summoning                4
Comestibles
 c - a bread ration
 m - a meat ration


   Skills:
 - Level 1.3 Fighting
 * Level 3.1 Short Blades
 - Level 2.1 Dodging
 - Level 2.1 Stealth
 - Level 1.5 Spellcasting
 * Level 4.4 Summonings


You had one spell level left.
You knew the following spells:

 Your Spells              Type           Power        Failure   Level  Hunger
b - Call Imp              Summ           ##......     14%         2    ###....
c - Call Canine Familiar  Summ           ##......     28%         3    ####...


Dungeon Overview and Level Annotations

Branches:
Dungeon (4/15)
 Temple: D:4-7

Altars:
Okawaru
Yredelemnul

Annotations:
D:4 Pikel


Innate Abilities, Weirdness & Mutations

You are small and have problems with some larger weapons.
You are somewhat resistant to further mutation.


Message History

Pikel is moderately wounded.
Your hound barely misses the slave.
Pikel hits you with a whip of flaming. Pikel burns you.
* * * LOW HITPOINT WARNING * * *
The slave barely misses your hound. The slave closely misses you.
Your hound bites the slave but does no damage.
You puncture Pikel!
Pikel is heavily wounded.
Your crimson imp blinks!
Pikel hits you with a whip of flaming.
* * * LOW HITPOINT WARNING * * *
Pikel burns you.
* * * LOW HITPOINT WARNING * * *
Your hound bites the slave.
The slave hits your hound. The slave barely misses you.
You closely miss Pikel.
Pikel is heavily wounded.
Your hound bites the slave.
Your crimson imp misses Pikel.
Pikel hits you with a whip of flaming.
You die...

######## ######<.....#
######### #.......###.#
#5Kp..ยง.#
#.####..###.####@#####.#
#.##......#...##p####
#.##.#..#.#....ph<..#
#.##.#..#..p..##.##.#
#........<..####... ..
####.######## ####.###
#. .# .. # ...


You could see Pikel, 3 slaves, a friendly hound and a friendly crimson imp.

Vanquished Creatures
  A slave (D:3)
  4 adders
  A dart slug (D:3)
  A giant gecko (D:1)
  An orc (D:3)
  3 giant cockroaches
  7 goblins
  5 hobgoblins
  2 quokkas
  4 bats
  3 giant newts
  5 kobolds
  6 rats
43 creatures vanquished.

Vanquished Creatures (collateral kills)
  An adder (D:3)
  A worm (D:3)
  A giant cockroach (D:1)
  2 goblins
  2 hobgoblins
  A ball python (D:1)
  A bat (D:2)
  A giant newt (D:1)
10 creatures vanquished.

Grand Total: 53 creatures vanquished

Notes
Turn   | Place    | Note
--------------------------------------------------------------
     0 | D:1      | MrRokkomies the Halfling Summoner began the quest for the Orb.
     0 | D:1      | Reached XP level 1. HP: 11/11 MP: 3/3
   114 | D:1      | Reached XP level 2. HP: 7/18 MP: 1/4
   347 | D:1      | Reached skill level 1 in Fighting
   619 | D:1      | Reached skill level 4 in Summonings
   973 | D:1      | Learned a level 2 spell: Call Imp
  1194 | D:2      | Reached XP level 3. HP: 23/23 MP: 5/5
  1290 | D:2      | Reached skill level 1 in Short Blades
  1737 | D:2      | Reached XP level 4. HP: 27/28 MP: 6/6
  1775 | D:2      | Learned a level 3 spell: Call Canine Familiar
  1808 | D:3      | Found an iron altar of Okawaru.
  1997 | D:3      | Found a basalt altar of Yredelemnul.
  3103 | D:4      | Noticed Pikel
  3103 | D:4      | Noticed a slave
  3103 | D:4      | Noticed a slave
  3104 | D:4      | Noticed a slave
  3108 | D:4      | Noticed a slave
  3242 | D:3      | Killed a slave
  3376 | D:4      | Slain by Pikel

Vault maps used:
D:1:      erik_arrival_cave_to_civilisation
D:2:      kennysheep_flooded_box
D:3:      okawaru_gym_becter, marbit_many_paths
D:4:      serial_shops, nicolae_shop_overgrown_old_shop, uniq_pikel,
          uniq_blork_the_orc

Skill      XL: |  1  2  3  4 |
---------------+-------------+-----
Fighting       | 1 |  1.3
Summonings     | 4 |  4.4
Short Blades   | 1 3 |  3.1
Dodging        | |  2.1
Stealth        | |  2.1
Spellcasting   | |  1.5

Action                   |  1- 3 |  4- 6 || total
-------------------------+-------+-------++-------
Melee: Unarmed           |   121 |       ||   121
       Short sword       |    48 |   115 ||   163
 Cast: Summon Small Mamm |    12 |       ||    12
       Call Imp          |     2 |     1 ||     3
       Call Canine Famil |       |     4 ||     4
  Use: Scroll            |       |     6 ||     6
       Potion            |       |     1 ||     1
 Stab: Distracted        |     4 |     1 ||     5
       Sleeping          |     2 |     2 ||     4
  Eat: Chunk             |     3 |     5 ||     8
Armor: Ring mail         |    37 |    42 ||    79
       Robe              |     6 |       ||     6
Dodge: Dodged            |   141 |    79 ||   220
